 Dungeon Crawl Stone Soup version 0.16-a0-670-g3b10be2 (webtiles) character file.

602 PolkaDot the Skirmisher (level 7, -7/56 HPs)
             Began as a Vampire Abyssal Knight on Sept 19, 2014.
             Was an Elder of Lugonu.
             Mangled by a gnoll
             ... wielding a +0 spear
              (8 damage)
             ... on Level 4 of the Dungeon.
             The game lasted 00:19:18 (5689 turns).

PolkaDot the Skirmisher (Vampire Abyssal Knight)    Turns: 5689, Time: 00:19:18

HP  -7/56        AC  3     Str 13      XL: 7   Next: 18%
MP   8/8         EV 13     Int 14      God: Lugonu [****..]
Gold 274         SH  0     Dex 15      Spells:  0 memorised,  6 levels left

rFire  . . .     SeeInvis +     f - +0 quarterstaff
rCold  + . .     Clarity  .     b - +0 leather armour
rNeg   + + .     rCorr    .     (no shield)
rPois  +         rRot     +     (no helmet)
rElec  .         Spirit   .     (no cloak)
SustAb .         Warding  .     (no gloves)
rMut   .         Stasis   .     (no boots)
Gourm  .                        (no amulet)
MR     .....                    c - +2 ring of strength
                                d - ring of invisibility

@: regenerating slowly, not resistant to hostile enchantments, very unstealthy
A: bottle blood, fangs 3, see invisible, unbreathing
a: Bat Form, Bottle Blood, Depart the Abyss, Bend Space, Banish, Corrupt,
Renounce Religion, Evoke Invisibility


You were on level 4 of the Dungeon.
You worshipped Lugonu.
Lugonu was greatly pleased with you.
You were thirsty.

You visited 1 branch of the dungeon, and saw 5 of its levels.
You visited the Abyss 1 time.
You also visited: Sewer.

You collected 274 gold pieces.

Inventory:

Hand weapons
 f - a +0 quarterstaff (weapon)
Armour
 b - a +0 leather armour (worn)
 o - a +0 helmet
Scrolls
 a - a scroll of identify
 g - 2 scrolls of remove curse
Jewellery
 c - a +2 ring of strength (right hand)
 d - a ring of invisibility (left hand)
 i - an uncursed ring of protection from fire
Potions
 r - a potion of flight


   Skills:
 - Level 5.0 Fighting
   Level 2.1 Short Blades
 * Level 3.0 Staves
 - Level 2.5 Armour
 - Level 4.3 Dodging
 - Level 1.5 Invocations
 + Level 0.4 Evocations


You had 6 spell levels left.
You didn't know any spells.

Dungeon Overview and Level Annotations

Branches:
Dungeon (5/15)
 Temple: D:4-7

Altars:
Makhleb


Innate Abilities, Weirdness & Mutations

You heal slowly.
You can bottle blood from corpses.
You have razor-sharp teeth.
You have supernaturally acute eyesight.
You can survive without breathing.


Message History

You fail to use your ability.
You closely miss the gnoll. You bite the gnoll.
You draw the gnoll's blood!
You feel better.
You feel slightly less thirsty.
The gnoll is lightly wounded.
The gnoll hits you with a club!
* * * LOW HITPOINT WARNING * * *
You sock the gnoll! You bite the gnoll.
The gnoll is severely wounded.
The gnoll hits you with a club.
* * * LOW HITPOINT WARNING * * *
The gnoll shouts!
The gnoll shouts!
The gnoll hits you with a club.
* * * LOW HITPOINT WARNING * * *
The gnoll hits you from afar with a spear.
* * * LOW HITPOINT WARNING * * *
The gnoll hits you from afar with a spear.
* * * LOW HITPOINT WARNING * * *
The gnoll hits you from afar with a spear!
You die...

#.....# #.....# +.
#..g..# #$ #.....# #.
+.....# . ##....# #+##
##+####....####.##
+.............#...
#@............#...
#g.g..........+...
#.............#...
#g.####..##..#)...
##+###..####..#######..
#..............# #...
#..............# #.(.
+..............# #...
################ ####


You could see 3 gnolls.

Vanquished Creatures
  An ogre (D:4)
  Sigmund (D:5)
  A crocodile (Sewer)
  A crimson imp (D:5)
  A hound (D:5)
  4 worker ants
  2 adders
  5 gnolls
  2 giant mites
  3 worms
  5 giant geckos
  5 orcs
  5 ball pythons (D:3)
  13 bats
  2 giant cockroaches
  16 goblins
  4 hobgoblins
  9 jackals
  A quokka (D:2)
  7 giant newts
  12 kobolds
  13 rats
113 creatures vanquished.

Notes
Turn   | Place    | Note
--------------------------------------------------------------
     0 | Abyss:1  | PolkaDot, the Vampire Abyssal Knight, began the quest for the Orb.
     0 | Abyss:1  | Reached XP level 1. HP: 17/17 MP: 1/1
    55 | Abyss:1  | Noticed a large abomination
    93 | Abyss:1  | Noticed a shining eye
    93 | Abyss:1  | Gained mutation: You tend to lose your temper in combat. [a shining eye]
    94 | D:1      | Escaped the Abyss
   167 | D:1      | Reached skill level 1 in Armour
   199 | D:1      | Reached XP level 2. HP: 23/23 MP: 2/2
   257 | D:1      | Acquired Lugonu's first power
   328 | D:1      | Reached skill level 3 in Fighting
   762 | D:1      | Reached XP level 3. HP: 29/29 MP: 3/3
   928 | D:2      | Acquired Lugonu's second power
  1593 | D:2      | Reached XP level 4. HP: 24/36 MP: 4/4
  2049 | D:3      | Found a glowing drain.
  2130 | Sewer    | Entered a sewer
  2145 | Sewer    | Acquired Lugonu's third power
  2200 | Sewer    | Noticed a crocodile
  2250 | Sewer    | Killed a crocodile
  2250 | Sewer    | Reached skill level 4 in Fighting
  2250 | Sewer    | Reached XP level 5. HP: 14/42 MP: 6/6
  2639 | D:3      | Found a burning altar of Makhleb.
  3439 | D:4      | Noticed an ogre
  3441 | D:4      | Gained mutation: You are clumsy. (Dex -2) [potion of mutation]
  3441 | D:4      | Gained mutation: You have a pair of small antennae on your head. [potion of mutation]
  3451 | D:4      | Killed an ogre
  3451 | D:4      | Reached XP level 6. HP: 42/50 MP: 7/7
  3569 | D:4      | Reached skill level 5 in Fighting
  3698 | D:4      | Noticed an ogre
  4077 | D:3      | Lost mutation: You tend to lose your temper in combat. [potion of cure mutation]
  4077 | D:3      | Lost mutation: You are clumsy. (Dex -2) [potion of cure mutation]
  4077 | D:3      | Lost mutation: You have a pair of small antennae on your head. [potion of cure mutation]
  4251 | D:4      | Noticed an ogre
  4275 | D:5      | Entered Level 5 of the Dungeon
  4493 | D:5      | Noticed Sigmund
  4527 | D:5      | Killed Sigmund
  4527 | D:5      | Reached skill level 1 in Staves
  4860 | D:5      | Acquired Lugonu's fourth power
  4914 | D:5      | Reached XP level 7. HP: 31/56 MP: 8/8
  5244 | D:5      | Noticed a hill giant skeleton
  5688 | D:4      | HP: 1/56 [gnoll/spear (6)]
  5689 | D:4      | Mangled by a gnoll

Action                   |  1- 3 |  4- 6 |  7- 9 || total
-------------------------+-------+-------+-------++-------
Melee: Short sword       |   142 |   190 |       ||   332
       Quarterstaff      |       |    48 |    49 ||    97
Invok: Depart the Abyss  |     1 |       |       ||     1
       Bend Space        |       |     3 |       ||     3
  Use: Potion            |     1 |    12 |       ||    13
       Scroll            |       |     9 |       ||     9
 Stab: Invisible         |       |     3 |       ||     3
  Eat: Corpse            |    13 |    14 |       ||    27
